 Dungeon Crawl Stone Soup version 0.22-a0-558-gc224181 (webtiles) character file.

17 iamserjio the Charmwright (level 2, 0/25 HPs)
             Began as a Draconian Skald on June 27, 2018.
             Slain by a dart slug (2 damage)
             ... on level 1 of the Dungeon.
             The game lasted 00:01:13 (148 turns).

iamserjio the Charmwright (Draconian Skald)          Turns: 148, Time: 00:01:14

Health: 0/25       AC:  4    Str: 13    XL:     2   Next: 44%
Magic:  5/5        EV: 12    Int: 13    God:
Gold:   13         SH:  0    Dex: 10    Spells: 4/5 levels left

rFire    . . .     SeeInvis .   c - +0 club
rCold    . . .     Gourm    .   (no shield)
rNeg     . . .     Faith    .   (armour unavailable)
rPois    .         Spirit   .   (helmet restricted)
rElec    .         Reflect  .   (no cloak)
rCorr    .         Harm     .   (no gloves)
MR       .....                  (no boots)
Stlth    +.........             (no amulet)
HPRegen  0.08/turn              (no ring)
MPRegen  0.09/turn              (no ring)

@: no status effects
A: unfitting armour, cold-blooded, AC +4
a: no special abilities


You were on level 1 of the Dungeon.
You were not hungry.

You visited 1 branch of the dungeon, and saw 1 of its levels.

You collected 13 gold pieces.

Inventory:

Hand Weapons
 c - a +0 club (weapon)
Missiles
 f - 16 arrows
Scrolls
 a - a scroll of immolation {unknown}
 g - a scroll of identify {unknown}
Potions
 d - a potion of heal wounds {unknown}
 e - a potion of agility {unknown}
Comestibles
 b - 2 rations


   Skills:
 + Level 2.5 Fighting
 - Level 2.1 Dodging
 * Level 2.6 Unarmed Combat
 - Level 2.0 Spellcasting
 + Level 2.9 Charms


You had 4 spell levels left.
You knew the following spells:

 Your Spells              Type           Power        Failure   Level  Hunger
a - Infusion              Chrm           #...         8%          1    ##.....

Your spell library contained the following spells:

 Spells                   Type           Power        Failure   Level  Hunger
 Regeneration             Chrm/Necr      #.........   38%         3    ####...
 Shroud of Golubria       Chrm/Tloc      #.........   22%         2    ###....
 Song of Slaying          Chrm           #.......     12%         2    ###....
 Spectral Weapon          Hex/Chrm       #.......     38%         3    ####...


Dungeon Overview and Level Annotations

Branches:
Dungeon (1/15)

Altars:


Innate Abilities, Weirdness & Mutations

Your plain brown scales are hard. (AC +4)
You cannot fit into any form of body armour.
You are cold-blooded and may be slowed by cold attacks.


Message History

The hobgoblin closely misses you.
You hit the hobgoblin.
You kill the hobgoblin!
The hobgoblin hits you with a club. The hobgoblin barely misses you.
You hit the dart slug but do no damage. The dart slug bites you.
The hobgoblin hits you with a club.
* * * LOW HITPOINT WARNING * * *
You hit the dart slug.
The dart slug is lightly wounded.
The dart slug bites you but does no damage.
The hobgoblin hits you with a club.
* * * LOW HITPOINT WARNING * * *
You hit the dart slug. You tail-slap the dart slug.
The dart slug is heavily wounded.
The hobgoblin closely misses you. The dart slug completely misses you.
You hit the dart slug but do no damage.
The dart slug is heavily wounded.
The hobgoblin hits you but does no damage.
The dart slug bites you.
You die...

#..........
#.......... .#
##.>....... ...##
#.......#.. ...###
##(..).###.# ####
...###(..#.## #.#
..... #.#.......#
#.#
......###.....#.###
#..
.....rw@gK##....#
#.
......#####..##.#
#. ..... ..###..#
#. .... ... #.# #.
### ... . #. ..# #.
#. ##


You could see a dart slug, a hobgoblin, a kobold and a rat.

Vanquished Creatures
  An ooze (D:1)
  A leopard gecko (D:1)
  A bat (D:1)
  A giant cockroach (D:1)
  3 hobgoblins (D:1)
  A frilled lizard (D:1)
  2 kobolds (D:1)
  2 rats (D:1)
12 creatures vanquished.

Notes
Turn   | Place    | Note
-------+----------+-------------------------------------------
     0 | D:1      | iamserjio the Draconian Skald began the quest for the Orb.
     0 | D:1      | Reached XP level 1. HP: 17/17 MP: 3/3
    33 | D:1      | Reached XP level 2. HP: 14/25 MP: 0/5
   146 | D:1      | HP: 1/25 [hobgoblin/club (4)]
   148 | D:1      | Slain by a dart slug

Vault maps used:
D:1:      scummos_arrival_checkerplants

Action                   || total
-------------------------++-------
Melee: Unarmed           ||    42
       Tailslap          ||     9
       Club              ||    15
 Cast: Infusion          ||     1
Armor: Skin              ||    13
Dodge: Dodged            ||    37

Table legend:
 A = Spawn XP
 B = Non-spawn XP
 C = Spawn XP percentage of total XP
 D = Spawn monster count
 E = Non-spawn monster count
 F = Spawn count percentage of total count
 G = Total turns spent on level
                    A         B        C        D         E        F      G
               +---------+---------+-------+---------+---------+-------+---------
         Total |       0 |      25 |   0.0 |       0 |      12 |   0.0 |   148
               +---------+---------+-------+---------+---------+-------+---------
           D:1 |       0 |      25 |   0.0 |       0 |      12 |   0.0 |   148
               +---------+---------+-------+---------+---------+-------+---------
